 Dungeon Crawl Stone Soup version 0.32-a0-886-g41c5271027 (webtiles) character file.

Game seed: 8550229187131752641

1113352 Pollywompus the Conqueror (level 27, -7/273 HPs)
             Began as a Mountain Dwarf Berserker on Mar 30, 2024.
             Was an Initiate of Gozag.
             Killed from afar by Gillaqot the pandemonium lord (31 damage)
             ... with an arc of chain lightning
             ... on level 9 of a ziggurat on Apr 2, 2024.
             The game lasted 05:29:07 (123543 turns).

Pollywompus the Conqueror (MDBe)                  Turns: 123543, Time: 05:29:08

Health: -7/273     AC: 40    Str: 30    XL:     27
Magic:  9/48       EV: 15    Int: 12    God:    Gozag
Gold:   12182      SH: 36    Dex: 21    Spells: 33/68 levels left

rFire   + + +        H - +9 broad axe of Brutal Revenge {holy, rF+ rC+ Dex+3 Stlth+}
rCold   + + +        E - +10 tower shield of Ignorance {rN+ Int-4}
rNeg    + + +        L - +6 plate armour "Edwuri" {+Inv Regen+ Str-2 Dex+10}
rPois   ∞            T - +1 helmet of the Riding Gods {rPois rC+ Regen+ Stlth+}
rElec   .            p - +1 cloak {Will+}
rCorr   +            B - +0 pair of gloves {infuse}
SInv    +            y - +1 pair of boots of the Beginning {Rampage rPois rF+++ Will-}
Will    +++++        e - necklace of Bloodlust {Fury *Rage Will++ Int-3 Slay+6} Stlth
                     K - +6 ring of intelligence
HPRegen 2.25/turn    D - ring of Xom's Capriciousness {^Contam rN+ rCorr SInv Stlth+}
MPRegen 0.31/turn

%: clarity, rampage, infuse magic (1 MP)
@: death-form, studying 5 skills
A: vile attack, torment immunity, no potions, runic magic, artefact enchanting,
clarity, cold resistance 1, strong 1
}: 10/15 runes: barnacled, slimy, silver, abyssal, demonic, glowing, magical,
fiery, dark, gossamer
a: Siphon Essence, Begin Untransformation, Renounce Religion, Evoke
Invisibility, Potion Petition, Call Merchant, Bribe Branch


You were on level 9 of a ziggurat.
You worshipped Gozag.
Gozag was extremely pleased with you.
You were an undying horror.
You visited 14 branches of the dungeon, and saw 58 of its levels.
You visited Pandemonium 2 times, and saw 23 of its levels.
You visited the Abyss 5 times.
You visited 1 ziggurat, and saw 9 of its levels.
You also visited: Gauntlet, Wizlab and Desolation.

You collected 41094 gold pieces.
You spent 5762 gold pieces at shops.
You paid 23150 gold pieces to Gozag.

Inventory:

Hand Weapons
 b - the +2 falchion "Nesuas" {vamp, Int+7}
   (You found it on level 7 of a ziggurat)

   Int+7:     It affects your intelligence (+7).
 d - a +1 demon whip of venom
 f - a +0 scimitar of flaming
 s - the +7 sceptre of Torment {pain, torment}
   (You found it on level 7 of a ziggurat)
 u - a +4 spear of venom
 z - the +7 spear of Demand {flame, Fly rF+ Dex+3}
   (You found it on level 6 of a ziggurat)

   Dex+3:     It affects your dexterity (+3).
   rF+:       It protects you from fire.
   Fly:       It grants you flight.
 G - a +1 flail of protection
 H - the +9 broad axe of Brutal Revenge (weapon) {holy, rF+ rC+ Dex+3 Stlth+}
   (You acquired it on level 5 of the Vaults)

   Dex+3:     It affects your dexterity (+3).
   rF+:       It protects you from fire.
   rC+:       It protects you from cold.
   Stlth+:    It makes you more stealthy.
 O - a +2 halberd of venom
 R - a +2 vampiric hand axe
 U - a +0 orcbow
 Z - a +5 broad axe of protection
Missiles
 m - 17 silver javelins (quivered)
 Q - 4 throwing nets
Armour
 p - a +1 cloak of willpower (worn)
 y - the +1 pair of boots of the Beginning (worn) {Rampage rPois rF+++ Will-}
   (You bought it in a shop in the Vestibule of Hell)

   rF+++:     It renders you almost immune to fire.
   rPois:     It protects you from poison.
   Will-:     It decreases your willpower.
   Rampage:   It bestows one free step when moving towards enemies.
 B - a +0 pair of gloves of infusion (worn)
 E - the +10 tower shield of Ignorance (worn) {rN+ Int-4}
   (You bought it in a shop on level 1 of the Depths)

   Int-4:     It affects your intelligence (-4).
   rN+:       It protects you from negative energy.
 L - the +6 plate armour "Edwuri" (worn) {+Inv Regen+ Str-2 Dex+10}
   (You bought it in a shop on level 2 of the Orcish Mines)

   Str-2:     It affects your strength (-2).
   Dex+10:    It affects your dexterity (+10).
   +Inv:      It lets you turn invisible.
   Regen+:    It increases your rate of health regeneration.
 T - the +1 helmet of the Riding Gods (worn) {rPois rC+ Regen+ Stlth+}
   (You found it in a Gauntlet)

   rC+:       It protects you from cold.
   rPois:     It protects you from poison.
   Regen+:    It increases your rate of health regeneration.
   Stlth+:    It makes you more stealthy.
Jewellery
 e - the necklace of Bloodlust (around neck) {Fury *Rage Will++ Int-3 Slay+6}
   (You took it off a vampire mage on level 2 of the Crypt)

   [amulet of nothing]

   Fury:      It extends the wearer's berserk rage when killing foes.
   Int-3:     It affects your intelligence (-3).
   Slay+6:    It affects your accuracy & damage with ranged weapons and melee
   (+6).
   Will++:    It greatly increases your willpower.
   *Rage:     It berserks you when you make melee attacks (+50% chance).
 h - the ring "Ajulisia" {rElec EV+5 Str+6}
   (You bought it in a shop in the Vestibule of Hell)

   [ring of evasion]

   EV+5:      It affects your evasion (+5).
   Str+6:     It affects your strength (+6).
   rElec:     It insulates you from electricity.
 i - the ring of Gum Vis {Wiz +Blink Fly rN+++ Slay+3}
   (You took it off a deep elf pyromancer on level 3 of the Elven Halls)

   [ring of wizardry]

   Wiz:       It improves your spell success rate.
   Slay+3:    It affects your accuracy & damage with ranged weapons and melee
   (+3).
   rN+++:     It renders you almost immune to negative energy.
   Fly:       It grants you flight.
   +Blink:    It lets you blink.
 D - the ring of Xom's Capriciousness (right hand) {^Contam rN+ rCorr SInv Stlth+}
   (You took it off an imperial myrmidon in the Desolation of Salt)

   [ring of see invisible]

   rN+:       It protects you from negative energy.
   SInv:      It lets you see invisible.
   ^Contam:   It causes magical contamination when unequipped.
   rCorr:     It protects you from acid and corrosion.
   Stlth+:    It makes you more stealthy.
 K - a +6 ring of intelligence (left hand)
Talismans
 o - a talisman of death (active)
 V - a granite talisman
Wands
 x - a wand of warping (56)
 F - a wand of light (61)
 I - a wand of digging (46)
Scrolls
 c - 13 scrolls of poison
 g - 12 scrolls of blinking
 j - 24 scrolls of teleportation
 k - 6 scrolls of amnesia
 l - 13 scrolls of immolation
 q - a scroll of summoning
 r - 19 scrolls of fog
 v - 11 scrolls of enchant armour
 C - 22 scrolls of enchant weapon
 M - 12 scrolls of fear
 S - 5 scrolls of revelation
 W - 3 scrolls of silence
 Y - 7 scrolls of torment
Potions
 n - 14 potions of mutation
 J - a potion of experience
 X - 7 potions of cancellation
Miscellaneous
 a - a sack of spiders
 t - a lightning rod (4/4)
 w - a tin of tremorstones (2/2)
 A - a Gell's gravitambourine (2/2)
 N - the horn of Geryon (inert)
 P - a phantom mirror (inert)


   Skills:
 O Level 27 Fighting
 + Level 24.5 Axes
 O Level 27 Armour
 + Level 10.5 Dodging
 O Level 27 Shields
 + Level 21.1 Spellcasting
 + Level 23.3 Fire Magic
 + Level 3.7 Earth Magic
 - Level 6.6 Evocations
 O Level 27 Shapeshifting


You had 33 spell levels left.
You knew the following spells:

 Your Spells              Type           Power      Damage    Failure   Level
a - Ignition              Fire           31%        3d10      2%          8
b - Fire Storm            Conj/Fire      20%        8d5       100%        9
c - Shatter               Erth           10%        3d12*     100%        9
d - Chain Lightning       Conj/Air       6%         3d8       100%        9

Your spell library contained the following spells:

 Spells                   Type           Power      Damage    Failure   Level
 Scorch                   Fire           100%       2d9       0%          2
 Inner Flame              Hex/Fire       40%        N/A       1%          3
 Volatile Blastmotes      Fire/Tloc      80%        2d16      1%          3
 Flame Wave               Conj/Fire      40%        2d11      1%          4
 Ignite Poison            Fire/Alch      40%        N/A       1%          4
 Sticky Flame             Fire/Alch      40%        2d8       1%          4
 Summon Blazeheart Golem  Fire/Summ      40%        N/A       1%          4
 Fireball                 Conj/Fire      20%        3d10      1%          5
 Passwall                 Erth           21%        N/A       3%          3
 Apportation              Tloc           24%        N/A       4%          1
 Freeze                   Ice            48%        1d6       4%          1
 Kiss of Death            Conj/Necr      48%        2d9       4%          1
 Magic Dart               Conj           48%        1d5       4%          1
 Necrotise                Necr           48%        1d6       4%          1
 Shock                    Conj/Air       48%        1d6       4%          1
 Slow                     Hex            48%        N/A       4%          1
 Sting                    Conj/Alch      48%        1d6       4%          1
 Summon Small Mammal      Summ           48%        N/A       4%          1
 Plasma Beam              Fire/Air       20%        2x1d32    6%          6
 Starburst                Conj/Fire      20%        6d7       6%          6
 Stone Arrow              Conj/Erth      34%        3d9       7%          3
 Blink                    Tloc           24%        N/A       8%          2
 Call Imp                 Summ           24%        N/A       8%          2
 Cigotuvi's Dreadful Rot  Necr/Alch/Air  24%        N/A       8%          2
 Ensorcelled Hibernation  Hex/Ice        24%        N/A       8%          2
 Jinxbite                 Hex            24%        N/A       8%          2
 Lesser Beckoning         Tloc           24%        N/A       8%          2
 Static Discharge         Conj/Air       24%        3-4/arc   8%          2
 Sublimation of Blood     Necr           12%        N/A       8%          2
 Call Canine Familiar     Summ           12%        N/A       14%         3
 Confusing Touch          Hex            12%        N/A       14%         3
 Dazzling Flash           Conj/Hex       24%        N/A       14%         3
 Frozen Ramparts          Ice            24%        1d4       14%         3
 Fugue of the Fallen      Necr           12%        N/A       14%         3
 Hailstorm                Conj/Ice       12%        3d6       14%         3
 Maxwell's Portable Pile  Tloc           12%        2d(6-17)  14%         3
 Ozocubu's Armour         Ice            12%        N/A       14%         3
 Sigil of Binding         Hex            12%        N/A       14%         3
 Summon Ice Beast         Ice/Summ       12%        N/A       14%         3
 Swiftness                Air            12%        N/A       14%         3
 Teleport Other           Tloc           12%        N/A       14%         3
 Vampiric Draining        Necr           12%        2d6       14%         3
 Animate Armour           Summ/Erth      34%        N/A       22%         4
 Brom's Barrelling Bould  Conj/Erth      17%        2d4       22%         4
 Leda's Liquefaction      Alch/Erth      8%         N/A       22%         4
 Petrify                  Alch/Erth      17%        N/A       22%         4
 Lee's Rapid Deconstruct  Erth           10%        3d8*      28%         5
 Airstrike                Air            6%         2d(1-17)  43%         4
 Anguish                  Hex/Necr       6%         N/A       43%         4
 Cause Fear               Hex            6%         N/A       43%         4
 Dimensional Bullseye     Hex/Tloc       6%         N/A       43%         4
 Dispel Undead            Necr           12%        3d9       43%         4
 Fulminant Prism          Conj/Alch      6%         3d7       43%         4
 Iskenderun's Mystic Bla Conj/Tloc 12%            2d5        (+2d2     43%         4
 Martyr's Knell           Necr/Summ      12%        N/A       43%         4
 Summon Lightning Spire   Summ/Air       12%        N/A       43%         4
 Vhi's Electric Charge    Tloc/Air       24%        N/A       43%         4
 Borgnjor's Vile Clutch   Necr/Erth      8%         N/A       54%         5
 Alistair's Intoxication  Alch           8%         N/A       80%         5
 Arcjolt                  Conj/Air       6%         1d16      80%         5
 Curse of Agony           Necr           12%        N/A       80%         5
 Freezing Cloud           Conj/Ice/Air   6%         6-21      80%         5
 Irradiate                Conj/Alch      6%         3d13      80%         5
 Iskenderun's Battlesphe  Conj           12%        2d7       80%         5
 Metabolic Englaciation   Hex/Ice        6%         N/A       80%         5
 Summon Forest            Summ/Tloc      6%         N/A       80%         5
 Summon Mana Viper        Hex/Summ       12%        N/A       80%         5
 Yara's Violent Unravell  Hex/Alch       6%         3d5       80%         5
 Bombard                  Conj/Erth      8%         9d2       98%         6
 Permafrost Eruption      Ice/Erth       8%         2x4d3     98%         6
 Conjure Ball Lightning   Conj/Air       6%         3x3d6     100%        6
 Death Channel            Necr           6%         N/A       100%        6
 Dispersal                Tloc           6%         N/A       100%        6
 Eringya's Noxious Bog    Alch           6%         4d6       100%        6
 Gell's Gavotte           Tloc           6%         2d(14-20) 100%        6
 Sculpt Simulacrum        Ice/Alch       6%         N/A       100%        6
 Enfeeble                 Hex            6%         N/A       100%        7
 Haunt                    Necr/Summ      6%         N/A       100%        7
 Malign Gateway           Summ/Tloc      6%         N/A       100%        7
 Manifold Assault         Tloc           6%         N/A       100%        7
 Orb of Destruction       Conj           6%         9d6       100%        7
 Spellforged Servitor     Conj/Summ      6%         N/A       100%        7
 Summon Hydra             Summ           6%         N/A       100%        7
 Borgnjor's Revivificati  Necr           6%         N/A       100%        8
 Discord                  Hex            6%         N/A       100%        8
 Disjunction              Tloc           6%         N/A       100%        8
 Infestation              Necr           6%         N/A       100%        8
 Lehudib's Crystal Spear  Conj/Erth      8%         10d4      100%        8
 Maxwell's Capacitive Co  Air            6%         ∞         100%        8
 Summon Horrible Things   Summ           6%         N/A       100%        8
 Death's Door             Necr           6%         N/A       100%        9
 Dragon's Call            Summ           6%         N/A       100%        9
 Animate Dead             Necr           Unusable   N/A       N/A         4

Dungeon Overview and Level Annotations

Branches:
Dungeon (15/15)            Temple (1/1) D:4            Lair (5/5) D:11
 Shoals (4/4) Lair:3       Spider (4/4) Lair:2        Slime (5/5) Lair:4
    Orc (2/2) D:11            Elf (3/3) Orc:2        Vaults (5/5) D:13
  Crypt (3/3) Vaults:3       Tomb (1/3) Crypt:3      Depths (4/4) D:15
   Hell (visited)             Dis (0/7) Hell            Geh (0/7) Hell
    Coc (0/7) Hell            Tar (0/7) Hell            Zot (5/5) Depths:4
 WizLab (visited)         Desolation (visited)      Gauntlet (visited)

Altars:
Ashenzari
Cheibriados
Dithmenos
Fedhas
Gozag
Hepliaklqana
Kikubaaqudgha
Makhleb
Nemelex Xobeh
Okawaru
Qazlal
Ru
Sif Muna
Trog
Uskayaw
Vehumet
Wu Jian
Xom
Yredelemnul
Zin
The Shining One
Beogh

Shops:
D:5 :   D:6 [:*(   Orc:2 [[([*   Elf:3 ?   Vaults:3 ?   Vaults:4 !
Hell *[[=[[   Depths:1 [[[[   Depths:2 =(   Depths:3 [!=[=[*=[   Depths:4 !

Portals:
Hell: Depths:1 Depths:2 Depths:3 Depths:4
Abyss: Depths:3
Pandemonium: Depths:2 Depths:3


Innate Abilities, Weirdness & Mutations

You are an undying horror.
Your melee and unarmed attacks drain, slow and weaken victims.
You are immune to unholy pain and torment.
You cannot drink.
You are immune to poison.
Your spellcasting is much less encumbered by armour.
You can use scrolls of enchantment on lesser artefacts.
You possess an exceptional clarity of mind.
Your flesh is cold resistant. (rC+)
Your muscles are strong. (Str +4, Int/Dex -1)


Message History

You are too injured to fight recklessly!
You are too injured to fight recklessly!
You are too injured to fight recklessly!
You are too injured to fight recklessly!
You are too injured to fight recklessly!
You are too injured to fight recklessly!
You are too injured to fight recklessly!
You are too injured to fight recklessly!
You are too injured to fight recklessly!
You are too injured to fight recklessly!
You are too injured to fight recklessly!
You are too injured to fight recklessly!
You are too injured to fight recklessly!
You are too injured to fight recklessly!
You are too injured to fight recklessly!
You are too injured to fight recklessly!
You are too injured to fight recklessly!
Unknown command.
You are too injured to fight recklessly!
You are too injured to fight recklessly!
You closely miss Gillaqot.
Gillaqot is almost dead.
You hit Gillaqot.
Gillaqot decays.
Gillaqot is almost dead.
Gillaqot gestures.
Lightning arcs from Gillaqot's claws!
The bolt of lightning hits you!!!!
* * * LOW HITPOINT WARNING * * *
A bolt of lightning appears from out of thin air!
The bolt of lightning hits Gillaqot!
Search for what [Enter for "zig", or ? for help]? zig:9 Blink to where?
Press: ? - help, Dir - move target
Found a scroll of amnesia.
As you read the scroll of blinking, it crumbles to dust.
Gillaqot gestures.
Lightning arcs from Gillaqot's claws!
The bolt of lightning hits the satyr!!!
The satyr is no longer distracted by gold.
The bolt of lightning hits you!!
You die...
Your body crumbles into a pile of gold.

▓▓▓▓▓▓▓▓▓▓▓
▓▓.........▓▓
▓▓...........▓▓
▓▓..........$..▓▓
▓...........$..=▓▓
............$$:$∩▓▓
∩........§&..$/$z?▓
..............c/∩▓▓
▓..........$.../▓▓
▓▓.............▓▓
▓▓...........▓▓
▓▓.........▓▓
▓▓▓▓▓▓▓▓▓▓▓


You could see Gillaqot (slow, weak) and a satyr (fast, strong).

Vanquished Creatures
  Cerebov (Pan)
  the Royal Jelly (Slime:5)
  15 pandemonium lords
  Gloorx Vloq (Pan)
  Mnoleg (Pan)
  Lom Lobon (Pan)
  10 dread liches
  5 orbs of fire
  4 ancient liches
  The ghost of Vyqe the Cryomancer, a master MfIE of Vehumet (Zot:4)
  The ghost of Bam Juge the Impregnable, a veteran MiGl of Hepliaklqana (Crypt:1)
  Sojobo (Crypt:3)
  A Head Instructor (WizLab)
  4 Killer Klowns
  Bai Suzhen (Crypt:3)
  4 curse toes
  Geryon (Hell)
  4 caustic shrikes (Depths:4)
  10 golden dragons
  The ghost of Wyithres the Warrior, an adept MiFi of Beogh (Depths:2)
  3 profane servitors
  Nikola (Spider:1)
  2 pearl dragons (Pan)
  11 bone dragons
  The ghost of Goociwk the Warrior, an adept GrFi of Cheibriados (Crypt:1)
  5 electric golems
  14 Tzitzimimeh (Pan)
  Jorgrun (Shoals:1)
  20 Brimstone Fiends (Pan)
  An iron giant (Hell)
  20 tentacled monstrosities
  Rupert (Spider:1)
  10 Ice Fiends (Pan)
  A shard shrike skeleton (Abyss:4)
  5 Hell Sentinels (Pan)
  10 liches
  11 titans
  24 Orb Guardians (Zot:5)
  A deep elf blademaster (Elf:3)
  3 walking frostbound tomes (Pan)
  13 sphinxes
  21 acid blobs
  11 quicksilver dragons
  Murray (Depths:1)
  7 death cobs
  44 Executioners
  12 ancient champions
  30 tentacled starspawn
  2 krakens
  Gastronok (Lair:1)
  3 revenants
  13 storm dragons
  17 tengu reavers
  12 shadow dragons
  Kirke (Spider:1)
  3 iron dragons
  9 fire giants
  14 rockslimes
  25 daevas
  The ghost of Dunag the Warrior, a journeyman MiFi of Ru (D:14)
  A nagaraja (Pan)
  8 frost giants
  5 azure jellies
  10 draconian shifters
  17 demonspawn warmongers (Pan)
  2 fenstrider witches (Pan)
  36 balrugs
  7 protean progenitors
  5 emperor scorpions
  10 draconian scorchers
  3 deep elf elementalists (Elf:3)
  7 vault wardens
  8 draconian knights
  5 imperial myrmidons (Desolation)
  3 draconian monks
  9 deep elf sorcerers
  A caustic shrike zombie (Crypt:3)
  5 curse skulls
  7 ghost moths
  4 orc warlords
  39 reapers
  3 draconian stormcallers (Zot:4)
  3 ghouls
  14 ironbound preservers
  30 angels
  33 stone giants
  7 broodmothers
  20 demonspawn corrupters (Pan)
  38 cacodemons
  6 caustic shrike skeletons (Pan)
  5 formless jellyfish
  9 draconian annihilators
  3 ironbound thunderhulks
  35 very ugly things
  The ghost of Hoaki the Fighter, a journeyman HONe of Kikubaaqudgha (Lair:4)
  10 juggernaut skeletons
  12 vampire knights
  10 quicksilver oozes (Slime:5)
  16 demonspawn blood saints (Pan)
  3 halazid warlocks (Desolation)
  A starflower (Abyss:4)
  5 deep elf demonologists
  17 demonspawn black suns (Pan)
  11 black draconians
  17 ophanim (Pan)
  34 apis (Pan)
  25 lorocyprocas
  16 green draconians
  5 deep elf death magi
  5 spark wasps
  7 dire elephants
  11 purple draconians
  A minotaur (Gauntlet)
  12 deep elf annihilators
  4 bunyips
  8 white draconians
  8 red draconians
  3 war gargoyles
  5 iron golems
  7 mummy priests
  5 eidola
  10 jiangshi
  37 blizzard demons
  20 yellow draconians
  Snorg (D:14)
  29 green deaths (Pan)
  15 ettins
  3 merfolk javelineers
  10 merfolk impalers
  A shambling mangrove (Zig:8)
  2 entropy weavers (shapeshifter)
  9 yaktaur captains
  7 ragged hierophants (Desolation)
  A spriggan zombie (Hell)
  A crystal guardian (Vaults:4)
  A quicksilver dragon skeleton (Crypt:3)
  4 entropy weavers
  5 deep elf high priests
  17 great orbs of eyes
  2 fenstrider witch zombies (Crypt:3)
  6 fire dragons
  9 rakshasas
  9 servants of whispers (Desolation)
  2 hydras
  Harold (Orc:1)
  4 hell beasts
  36 vault guards
  5 ice dragons
  4 ogre magi
  9 peacekeepers
  A juggernaut simulacrum (Abyss:4)
  A ghost crab (Zig:8)
  3 alligator snapping turtles
  5 jorogumos
  3 merfolk avatars
  23 centaur warriors
  4 alligators
  11 boulder beetles
  5 spriggan air magi
  4 ironbound frosthearts
  2 satyrs (Shoals:4)
  19 dancing weapons
  15 two-headed ogres
  5 radroaches
  5 death knights
  A radroach (shapeshifter) (Zig:9)
  7 deep troll shamans
  17 death scarabs (Tomb:1)
  6 merfolk aquamancers
  3 deep troll earth magi
  11 death yaks
  41 thrashing horrors
  4 tengu warriors
  62 demonic crawlers
  7 orc high priests
  A shock serpent (shapeshifter) (Zig:9)
  15 hell hogs
  9 vampire magi
  A titan zombie (Crypt:3)
  A spriggan berserker (Depths:3)
  3 shock serpents (Pan)
  88 soul eaters
  18 hell knights
  Sonja (D:12)
  5 occultists
  11 deep elf knights
  2 hellephant skeletons (Pan)
  155 sun demons
  2 skysharks
  9 pharaoh ants
  10 iron trolls
  5 shadow wraiths
  11 skeletal warriors
  2 deep trolls (shapeshifter)
  25 wretched stars
  20 cherubim
  8 spatial maelstroms
  54 sixfirhies
  3 salamander mystics (WizLab)
  A titan skeleton (Abyss:3)
  An anaconda zombie (Hell)
  8 glowing orange brains
  34 shadow demons (Pan)
  11 sea snakes
  33 deep trolls
  2 spriggan druids (Elf:1)
  5 deep elf archers
  An orb spider (shapeshifter) (Vaults:4)
  7 arcanists
  A spriggan simulacrum (Crypt:3)
  10 orb spiders
  13 sun moths
  A tengu zombie (Vaults:4)
  An obsidian statue (Zig:1)
  A wolf spider zombie (D:15)
  8 flayed ghosts
  12 ironbound convokers
  6 thermic dynamos (Elf:1)
  8 harpies
  3 bog bodies
  26 deep elf pyromancers
  23 deep elf zephyrmancers
  A bunyip skeleton (Tomb:1)
  25 wolf spiders
  A swamp dragon (Lair:5)
  3 orange crystal statues
  3 anaconda skeletons (Hell)
  17 phantasmal warriors
  3 mana vipers (WizLab)
  16 necromancers
  7 lindwurms
  2 obsidian bats
  6 steelbarb worms
  A harpy (shapeshifter) (D:13)
  An iron dragon zombie (Hell)
  An alligator zombie (Hell)
  14 manticores
  5 shining eyes
  7 orc sorcerers
  11 orc knights
  A shadow dragon skeleton (Vaults:4)
  22 cyclopes
  3 alligator skeletons
  15 fauns
  Maurice (D:12)
  2 shining eyes (shapeshifter)
  20 ugly things
  7 will-o-the-wisps
  A faun (shapeshifter) (Abyss:4)
  31 moths of wrath
  8 merfolk sirens
  120 large abominations
  2 draconians (Abyss:3)
  8 worldbinders
  A meliai (shapeshifter) (Abyss:3)
  3 meliai
  21 elephants
  4 Executioner simulacra (Pan)
  A dire elephant zombie (Crypt:3)
  6 ice statues
  A black mamba (Lair:5)
  A titan simulacrum (Abyss:3)
  A centaur zombie (D:15)
  4 eyes of devastation
  A stone giant skeleton (Crypt:3)
  4 kobold blastminers
  7 guardian serpents
  10 rust devils
  10 molten gargoyles
  6 water nymphs
  4 apocalypse crabs
  4 torpor snails
  A torpor snail (shapeshifter) (Vaults:5)
  15 vault sentinels
  Maggie (D:7)
  An alligator snapping turtle zombie (Tomb:1)
  A shock serpent skeleton (Crypt:1)
  A naga mage (Abyss:4)
  4 gargoyles
  100 smoke demons
  11 cane toads
  2 spectral iron trolls (Crypt:2)
  39 orange demons
  A storm dragon simulacrum (Crypt:3)
  2 dire elephant skeletons
  10 komodo dragons
  12 hellions
  An unseen horror (Abyss:4)
  10 yaktaurs
  11 freezing wraiths
  2 kobold demonologists (Abyss:4)
  5 rime drakes (Lair:5)
  2 komodo dragons (shapeshifter)
  2 centaur skeletons (D:15)
  6 tengu conjurers
  26 ice devils
  14 efreet
  13 tormentors
  19 ancient zymes
  2 spectral deep trolls (Crypt:2)
  A black draconian skeleton (Crypt:2)
  An unseen horror skeleton (Crypt:3)
  A queen bee (shapeshifter) (Elf:1)
  A troll (shapeshifter) (Vaults:5)
  7 trolls
  7 polar bears
  A merfolk (shapeshifter) (D:13)
  6 red devils
  An elf skeleton (Vaults:4)
  23 merfolk
  4 tyrant leeches
  6 wind drakes
  11 guardian mummies
  2 ettin zombies
  32 tarantellas
  A hydra skeleton (Hell)
  61 saltlings
  36 hellwings
  14 dream sheep
  A hydra zombie (Hell)
  A tarantella (shapeshifter) (Zig:9)
  28 blink frogs
  3 harpy skeletons
  2 hornets
  17 snapping turtles
  A moth of wrath zombie (Crypt:1)
  78 raiju
  4 glass eyes
  A raiju (shapeshifter) (D:14)
  94 slime creatures
  A dream sheep (shapeshifter) (Vaults:5)
  An air elemental (Elf:3)
  4 centaur simulacra (Gauntlet)
  42 jumping spiders
  27 culicivoras
  A fire dragon zombie (Crypt:2)
  2 shadows
  82 ynoxinuls
  A spriggan (shapeshifter) (D:14)
  12 wraiths
  A guardian serpent skeleton (Crypt:3)
  8 ushabtiu
  10 fire bats
  26 small abominations
  9 vampires
  4 wyverns
  An orc simulacrum (Hell)
  14 water elementals
  22 yaks
  3 fire elementals
  2 hogs (Spider:1)
  4 basilisks
  A black mamba skeleton (Crypt:2)
  99 starcursed masses
  7 wargs
  A golden eye (shapeshifter) (Abyss:2)
  21 golden eyes
  A steam dragon (D:8)
  51 redbacks
  A sea snake simulacrum (Hell)
  48 neqoxecs
  75 chaos spawn
  2 vampire mosquitoes (D:12)
  8 spatial vortices
  Menkaure (D:6)
  A fire bat zombie (Crypt:2)
  9 water moccasins
  A deep troll skeleton (Crypt:2)
  A faun skeleton (Crypt:2)
  5 nagas (Abyss:4)
  A naga zombie (Hell)
  6 acid dragons
  A demonspawn skeleton (Crypt:1)
  19 orc warriors
  4 swamp drakes
  4 hell hounds
  An ice beast (shapeshifter) (D:13)
  3 ice beasts
  6 black bears
  33 laughing skulls
  A crocodile (shapeshifter) (Abyss:4)
  A black bear (shapeshifter) (D:13)
  An elephant zombie (Crypt:3)
  A swamp dragon zombie (Crypt:1)
  9 wolves
  13 ogres
  3 boggarts (Depths:3)
  A torpor snail zombie (Crypt:2)
  A human skeleton (Vaults:4)
  A manticore skeleton (Crypt:2)
  2 phantoms
  13 centaurs
  3 weeping skulls (Abyss:4)
  6 kobold brigands
  A brain worm (shapeshifter) (Abyss:4)
  14 brain worms
  5 bullfrogs
  2 gnoll sergeants
  A naga simulacrum (Tomb:1)
  5 scorpions
  4 earth elementals
  A salamander skeleton (Crypt:1)
  A hornet simulacrum (Gauntlet)
  9 wights
  18 killer bees
  4 spriggan skeletons
  4 howler monkeys
  6 electric eels
  A crimson imp (Orc:1)
  3 lava snakes (Lair:3)
  A bullfrog zombie (Crypt:1)
  5 quasits
  7 hounds
  6 jellies
  4 iron imps
  27 orc priests
  A bullfrog skeleton (Crypt:3)
  Jessica (D:2)
  A basilisk skeleton (Crypt:1)
  A boggart zombie (D:15)
  Terence (D:2)
  5 iguanas
  22 orc wizards
  An ice beast zombie (Crypt:1)
  A tengu skeleton (Crypt:2)
  2 spectral hounds (Depths:3)
  A naga skeleton (Crypt:3)
  An ogre skeleton (Crypt:2)
  An acid dragon skeleton (Crypt:1)
  15 mummies
  10 gnolls
  10 adders
  2 shadow imps
  10 white imps
  7 ufetubi
  A jelly zombie (Crypt:3)
  2 dart slugs
  A ribbon worm (D:4)
  72 orcs
  6 bats
  A bat skeleton (Crypt:3)
  7 endoplasms
  2 giant cockroaches
  2 goblins (D:2)
  7 hobgoblins
  4 quokkas
  11 ball pythons
  2 frilled lizards (D:1)
  A hobgoblin zombie (Crypt:2)
  26 kobolds
  3 rats
  2 aspiring fleshes
  3 ball lightnings (Pan)
  2 fire vortices (Pan)
  4 lurking horrors
  A spectral weapon (Elf:1)
  31 starspawn tentacles
  12 tentacles
4693 creatures vanquished.

Vanquished Creatures (collateral kills)
  A seraph (Pan)
  An orb of fire (Zot:5)
  A golden dragon (Vaults:5)
  An Orb Guardian (Zot:5)
  A rockslime (Slime:5)
  An azure jelly (Slime:5)
  2 fire giants (Vaults:5)
  A frost giant (Vaults:5)
  A vault warden (Vaults:5)
  A balrug (Pan)
  A draconian scorcher (Zot:5)
  An angel (Pan)
  A draconian annihilator (Zot:5)
  A stone giant (Vaults:5)
  A very ugly thing (Vaults:5)
  2 black draconians (Zot:5)
  A deep elf high priest (Vaults:5)
  An ogre mage (Vaults:5)
  A shadow demon (Pan)
  A will-o-the-wisp (Zig:6)
  A moth of wrath (Zot:5)
  A brain worm (Pan)
  3 ball lightnings (Pan)
27 creatures vanquished.

Vanquished Creatures (others)
  A pandemonium lord (Pan)
  A Brimstone Fiend (Pan)
  A tentacled monstrosity (Zig:8)
  An eldritch tentacle (Pan)
  An ancient champion (Crypt:3)
  Ilsuiw (Shoals:4)
  A protean progenitor (Zig:9)
  A draconian knight (Zot:2)
  A deep elf elementalist (Elf:3)
  A demonspawn corrupter (Pan)
  A demonspawn blood saint (Pan)
  A lorocyproca (Pan)
  A bunyip (Zig:8)
  Azrael (Spider:1)
  A mummy priest (Tomb:1)
  An entropy weaver (Spider:1)
  A satyr (Zig:9)
  A deep troll earth mage (Vaults:2)
  An occultist (D:15)
  A thrashing horror (Abyss:3)
  3 soul eaters (Pan)
  A deep elf knight (Elf:1)
  2 sun demons (Pan)
  A glowing orange brain (Pan)
  A shadow demon (Zig:9)
  3 orb spiders
  A deep elf pyromancer (Elf:1)
  An ironbound convoker (Vaults:5)
  A deep elf zephyrmancer (Elf:1)
  A black mamba (shapeshifter) (Zig:9)
  A water nymph (shapeshifter) (Zig:9)
  2 large abominations
  2 orange demons
  3 smoke demons
  A hellwing (Pan)
  2 hornets (Spider:1)
  A saltling (Desolation)
  4 tarantellas (Spider:1)
  2 raiju (Abyss:4)
  3 jumping spiders
  2 ynoxinuls (Pan)
  A culicivora (Spider:2)
  A fire elemental (Spider:1)
  3 humans (Spider:1)
  8 golden eyes (Abyss:4)
  A chaos spawn (Abyss:4)
  3 redbacks (Spider:1)
  A hell hound (Spider:1)
  An ogre (Depths:4)
  4 small abominations
  An orc wizard (D:5)
  A shadow imp (Orc:1)
  4 orcs
  6 ball lightnings (Pan)
  A fire vortex (Pan)
  47 foxfires
  7 lurking horrors
  34 starspawn tentacles
  6 tentacles (Shoals:4)
188 creatures vanquished.

Grand Total: 4908 creatures vanquished

Notes
Turn   | Place    | Note
-------+----------+-------------------------------------------
     0 | D:1      | Pollywompus the Mountain Dwarf Berserker began the quest
                  | for the Orb.
     0 | D:1      | Reached XP level 1. HP: 19/19 MP: 1/1
   330 | D:1      | Reached XP level 2. HP: 26/26 MP: 2/2
   876 | D:2      | Reached XP level 3. HP: 30/33 MP: 3/3
   883 | D:2      | Reached ** piety under Trog
   913 | D:2      | Noticed Jessica
   919 | D:2      | Killed Jessica
   982 | D:2      | Reached XP level 4. HP: 39/40 MP: 4/4
  1023 | D:2      | Noticed Terence
  1038 | D:2      | Killed Terence
  1401 | D:2      | Reached skill level 5 in Axes
  2128 | D:3      | Found a faded altar of an unknown god.
  2342 | D:4      | Reached XP level 5. HP: 27/47 MP: 5/5
  2761 | D:4      | Noticed a phantom
  2783 | D:4      | Killed a phantom
  2784 | D:4      | Reached XP level 6. HP: 46/53 MP: 6/6
  2910 | D:4      | Found a staircase to the Ecumenical Temple.
  2927 | Temple   | Entered the Ecumenical Temple
  3106 | D:4      | Found a glowing silver altar of Zin.
  3377 | D:5      | Entered Level 5 of the Dungeon
  3430 | D:5      | Reached *** piety under Trog
  3674 | D:5      | Found a hide-covered altar of Uskayaw.
  3675 | D:5      | Found a snail-covered altar of Cheibriados.
  4086 | D:5      | Reached XP level 7. HP: 44/60 MP: 7/7
  4202 | D:5      | Reached skill level 5 in Fighting
  4212 | D:5      | Found Dinor's Book Shoppe.
  4297 | D:6      | Noticed Menkaure
  4297 | D:6      | Found Plog's Armour Shop.
  4304 | D:6      | Killed Menkaure
  4305 | D:6      | Reached skill level 5 in Armour
  4422 | D:6      | Bought a +0 pair of boots for 58 gold pieces
  4448 | D:6      | Found Dufuawum's Assorted Antiques.
  4541 | D:6      | Found Uzxid's Book Shop.
  4555 | D:6      | Found a burning altar of Makhleb.
  4574 | D:6      | Found a radiant altar of Vehumet.
  4605 | D:6      | Found a sacrificial altar of Ru.
  4985 | D:6      | Reached XP level 8. HP: 61/69 MP: 8/8
  5163 | D:6      | Found Rosoefaq's Antique Weapon Shop.
  5172 | D:6      | Bought an iridescent war axe for 238 gold pieces
  5172 | D:6      | Identified the +2 war axe "Ybboben" {freeze, rElec MP+9
                  | Str-4 Int+2} (You bought it in a shop on level 6 of the
                  | Dungeon)
  5933 | D:7      | Found a basalt altar of Yredelemnul.
  5987 | D:7      | Noticed Maggie
  5995 | D:7      | Killed Maggie
  5996 | D:7      | Reached skill level 10 in Axes
  6078 | D:7      | Reached **** piety under Trog
  6253 | D:7      | Reached XP level 9. HP: 31/77 MP: 9/9
  7136 | D:8      | Noticed a cyclops
  7148 | D:8      | Killed a cyclops
  7895 | D:8      | Reached XP level 10. HP: 53/83 MP: 10/10
  8911 | D:9      | Found a glowing golden altar of the Shining One.
  8975 | D:9      | Noticed a two-headed ogre
  8994 | D:9      | Killed a two-headed ogre
  9408 | D:9      | Found a stormy altar of Qazlal.
  9695 | D:10     | Entered Level 10 of the Dungeon
 10118 | D:10     | Reached ***** piety under Trog
 10270 | D:10     | Noticed a two-headed ogre
 10277 | D:10     | Killed a two-headed ogre
 10453 | D:10     | Reached XP level 11. HP: 99/99 MP: 11/11
 10555 | D:10     | Noticed a two-headed ogre
 10826 | D:11     | Noticed a two-headed ogre
 10835 | D:11     | Killed a two-headed ogre
 10836 | D:11     | Reached skill level 10 in Fighting
 10957 | D:11     | Identified the +7 long sword of Reapportionment {freeze,
                  | Int+4}
 11009 | D:11     | Noticed a boulder beetle
 11036 | D:11     | Killed a boulder beetle
 11411 | D:11     | Found a staircase to the Lair.
 11483 | D:11     | Identified the +1 leather armour "Uxiqoif" {rN++ Int+3
                  | Dex+3 Stlth-}
 11696 | D:11     | Found a staircase to the Orcish Mines.
 12052 | D:11     | Found a shimmering altar of Xom.
 12224 | D:12     | Reached skill level 15 in Axes
 12274 | D:12     | Noticed a green ugly thing
 12276 | D:12     | Noticed Sonja
 12277 | D:12     | Upgraded the game from 0.32-a0-872-g59262bdc9b to
                  | 0.32-a0-876-gcfddb08e57
 12287 | D:11     | Killed a green ugly thing
 12786 | D:12     | Killed Sonja
 13297 | D:12     | Noticed a red ugly thing
 13297 | D:12     | Noticed a cyan ugly thing
 13310 | D:12     | Killed a red ugly thing
 13316 | D:12     | Killed a purple ugly thing
 13317 | D:12     | Reached skill level 5 in Dodging
 13579 | D:12     | Noticed Maurice
 13586 | D:12     | Paralysed by Maurice for 3 turns
 13589 | D:12     | Something stole a ring of ice
 13592 | D:12     | Something stole 2 throwing nets
 13593 | D:12     | Paralysed by something for 4 turns
 13595 | D:12     | Something stole a +0 broad axe of venom
 13596 | D:12     | Something stole 366 gold
 13608 | D:12     | Paralysed by something for 3 turns
 13619 | D:12     | Killed Maurice
 14107 | D:13     | Found a sparkling altar of Nemelex Xobeh.
 14109 | D:13     | Found a gate leading to a gauntlet.
 14116 | Gauntlet | Entered a Gauntlet
 14116 | Gauntlet | Found a transporter.
 14116 | Gauntlet | Found a transporter.
 14116 | Gauntlet | Found a transporter.
 14117 | Gauntlet | Found a transporter.
 14120 | Gauntlet | Found a transporter.
 14120 | Gauntlet | Found a transporter.
 14125 | Gauntlet | Noticed a cacodemon
 14130 | Gauntlet | Found a transporter.
 14134 | Gauntlet | Found a transporter.
 14137 | Gauntlet | Noticed an arcanist
 14142 | Gauntlet | Noticed an occultist
 14144 | Gauntlet | Found a transporter.
 14149 | Gauntlet | Found a transporter.
 14151 | Gauntlet | Noticed an orange crystal statue
 14168 | Gauntlet | Found a transporter.
 14172 | Gauntlet | Found a transporter.
 14173 | Gauntlet | Noticed an orange crystal statue
 14560 | Gauntlet | Noticed a shining eye
 14567 | Gauntlet | Killed an orange crystal statue
 14568 | Gauntlet | Reached XP level 12. HP: 87/105 MP: 12/12
 14574 | Gauntlet | Identified the +1 helmet of the Riding Gods {rPois rC+
                  | Regen+ Stlth+}
 14753 | Gauntlet | Noticed a minotaur
 14772 | Gauntlet | Killed a minotaur
 14808 | Gauntlet | Identified the +3 dagger of a wizard's laboratory {protect,
                  | Str+4}
 14810 | Gauntlet | Got the Folio of Gusty Sidekicks
 14970 | D:13     | a meliai changed into an entropy weaver
 14970 | D:13     | Noticed an entropy weaver (shapeshifter)
 14986 | D:13     | Noticed a boulder beetle
 15008 | D:13     | Killed an entropy weaver
 15009 | D:13     | Reached skill level 1 in Shapeshifting
 15044 | D:13     | Killed a boulder beetle
 15527 | D:13     | Found a gate to the Vaults.
 15680 | D:14     | Noticed Snorg
 15737 | D:14     | Killed Snorg
 15789 | D:14     | Noticed a centaur warrior
 15803 | D:14     | Killed a centaur warrior
 16038 | D:14     | Noticed a centaur warrior
 16048 | D:14     | Killed a centaur warrior
 16051 | D:14     | Noticed a centaur warrior
 16054 | D:14     | Reached skill level 10 in Armour
 16076 | D:14     | Killed a centaur warrior
 16077 | D:14     | Reached skill level 1 in Evocations
 16402 | D:14     | Noticed an eight-headed hydra
 16440 | D:14     | Killed a 13-headed hydra
 16598 | D:14     | Noticed a centaur warrior
 16606 | D:14     | Killed a centaur warrior
 16964 | D:14     | Found a runed translucent door.
 16964 | D:14     | Noticed Dunag's ghost (journeyman MiFi)
 17071 | D:15     | Entered Level 15 of the Dungeon
 17161 | D:15     | Noticed a great orb of eyes
 17175 | D:15     | Killed a great orb of eyes
 17176 | D:15     | Reached XP level 13. HP: 109/119 MP: 13/13
 17546 | D:15     | Noticed a vampire knight
 17574 | D:15     | Killed a vampire knight
 18130 | D:15     | Found a staircase to the Depths.
 18286 | D:15     | Noticed a vampire knight
 18321 | D:15     | Killed a vampire knight
 18440 | D:15     | Found the +8 Vampire's Tooth {megavamp}
 18720 | Lair:1   | Entered Level 1 of the Lair of Beasts
 18749 | Orc:1    | Entered Level 1 of the Orcish Mines
 18781 | Orc:1    | Reached skill level 5 in Shapeshifting
 18998 | Orc:1    | Identified the +9 halberd "Cowneiff" {heavy, rN+++ rCorr
                  | Str+2 Stlth-} (Trog gifted it to you on level 1 of the
                  | Orcish Mines)
 18998 | Orc:1    | Received a gift from Trog
 19225 | Orc:1    | Noticed Harold
 19237 | Orc:1    | Killed Harold
 19309 | Orc:1    | Identified the +0 hat of Rufaq {rC- rN+ Dex+5}
 19557 | Orc:2    | Entered Level 2 of the Orcish Mines
 19633 | Orc:2    | Found a roughly hewn altar of Beogh.
 19709 | Orc:2    | Found a staircase to the Elven Halls.
 19735 | Orc:2    | Found Zoiqick's Assorted Antiques.
 19789 | Orc:2    | Bought a fizzy ruby potion for 19 gold pieces
 19957 | Orc:2    | Found Pypn's Antique Armour Boutique.
 19987 | Orc:2    | Reached XP level 14. HP: 115/132 MP: 10/14
 20136 | Orc:2    | Found Ocucoddi's Antique Armour Emporium.
 20143 | Orc:2    | Found Moiw's Antique Armour Emporium.
 20145 | Orc:2    | Found Hograxu's Weapon Boutique.
 20300 | Orc:2    | Noticed an orc warlord
 20422 | Orc:2    | Received a gift from Trog
 20431 | Orc:2    | Killed an orc warlord
 20645 | Orc:2    | Bought a masterwork plate armour for 1092 gold pieces
 20645 | Orc:2    | Identified the +6 plate armour "Edwuri" {+Inv Regen+ Str-2
                  | Dex+10} (You bought it in a shop on level 2 of the Orcish
                  | Mines)
 20671 | Orc:2    | Bought an embroidered scarf for 184 gold pieces
 20671 | Orc:2    | Bought a tower shield for 103 gold pieces
 20825 | Lair:1   | Noticed Gastronok
 20839 | Lair:1   | Killed Gastronok
 21113 | Lair:1   | Reached skill level 1 in Shields
 21450 | Lair:2   | Found a hole to the Spider Nest.
 22483 | Lair:3   | Reached skill level 15 in Fighting
 22720 | Lair:3   | Found a staircase to the Shoals.
 22793 | Lair:3   | Found a runed translucent door.
 22922 | Lair:3   | Reached skill level 5 in Shields
 23230 | Lair:3   | Found a runed translucent gate.
 23230 | Lair:3   | Found a runed translucent gate.
 23230 | Lair:3   | Found a runed translucent gate.
 23230 | Lair:3   | Found a runed translucent gate.
 23230 | Lair:3   | Found a runed translucent gate.
 23230 | Lair:3   | Found a runed translucent gate.
 23570 | Lair:4   | Found a staircase to the Slime Pits.
 23640 | Lair:4   | Found a runed translucent gate.
 23640 | Lair:4   | Found a runed translucent gate.
 23640 | Lair:4   | Found a runed translucent gate.
 23642 | Lair:4   | Noticed Hoaki's ghost (journeyman HONe)
 24460 | Lair:4   | Killed Hoaki's ghost
 24461 | Lair:4   | Reached XP level 15. HP: 56/141 MP: 6/15
 24571 | Lair:4   | Identified the +5 broad axe of Outrage {heavy, Int+3}
 24612 | Lair:5   | Entered Level 5 of the Lair of Beasts
 24646 | Lair:5   | Received a gift from Trog
 24886 | Lair:5   | Reached ****** piety under Trog
 25425 | Lair:5   | Received a gift from Trog
 25955 | Shoals:1 | Entered Level 1 of the Shoals
 26521 | Shoals:1 | Noticed Jorgrun
 26540 | Shoals:1 | Killed Jorgrun
 26809 | Shoals:1 | Identified the +1 rapier of the Gloaming {freeze, rN+}
 27348 | Shoals:2 | Received a gift from Trog
 27635 | Shoals:2 | Reached XP level 16. HP: 151/151 MP: 16/16
 27760 | Shoals:2 | Reached skill level 10 in Shields
 28104 | Shoals:3 | Reached skill level 10 in Shapeshifting
 28467 | Shoals:3 | Noticed a kraken
 28483 | Shoals:3 | Killed a kraken
 28499 | Shoals:3 | Identified the +2 robe of Oblivion {Dex+10}
 28850 | Shoals:4 | Entered Level 4 of the Shoals
 28850 | Shoals:4 | Noticed a kraken
 28934 | Shoals:4 | Killed a kraken
 29112 | Shoals:4 | Received a gift from Trog
 29803 | Shoals:4 | Got a barnacled rune of Zot
 29965 | Shoals:4 | Identified the +1 ring mail of Xesuut {rPois rF- rN+
                  | Slay+3}
 30054 | Shoals:4 | Noticed Ilsuiw
 30091 | Shoals:4 | Killed Ilsuiw
 30192 | Shoals:4 | Paralysed by a formless jellyfish for 1 turns
 30196 | Shoals:4 | Paralysed by a formless jellyfish for 1 turns
 30712 | Spider:1 | Entered Level 1 of the Spider Nest
 30780 | Lair:2   | Received a gift from Trog
 30835 | Spider:1 | Reached XP level 17. HP: 130/158 MP: 15/17
 30900 | Spider:1 | You are sucked into a shaft and drop 1 floor!
 31140 | Spider:1 | Noticed Kirke
 31146 | Spider:1 | Noticed Azrael
 31170 | Spider:1 | Killed Kirke
 31201 | Spider:1 | Noticed Nikola
 31211 | Spider:1 | Killed Azrael
 31228 | Spider:1 | Killed Nikola
 31302 | Spider:1 | Received a gift from Trog
 31482 | Spider:1 | Noticed Rupert
 31798 | Spider:1 | Killed Rupert
 31980 | Spider:2 | Reached skill level 15 in Shapeshifting
 32003 | Spider:2 | HP: 4/143 [poisoned by an emperor scorpion]
 32853 | Spider:2 | Gained mutation: You are dopey. (Int -2) [mutagenic glow]
 32860 | Spider:2 | Gained mutation: Your body sometimes deteriorates upon
                  | taking damage. [mutagenic glow]
 33088 | Spider:3 | Received a gift from Trog
 33665 | Spider:4 | Entered Level 4 of the Spider Nest
 34187 | Spider:4 | Received a gift from Trog
 34288 | Spider:4 | Reached XP level 18. HP: 164/166 MP: 18/18
 35147 | Spider:4 | Got a gossamer rune of Zot
 35467 | Depths:1 | Entered Level 1 of the Depths
 35467 | Depths:1 | Found a gateway to Hell.
 35469 | Depths:1 | Found Mesauqoc's Armour Boutique.
 36349 | Depths:1 | Found Suewnei's Armour Shop.
 36370 | Depths:1 | Bought the +10 tower shield of Ignorance {rN+ Int-4} for
                  | 1203 gold pieces
 36370 | Depths:1 | Found the +10 tower shield of Ignorance {rN+ Int-4}
 36503 | Depths:1 | Noticed a tentacled monstrosity
 36603 | Vaults:1 | Entered Level 1 of the Vaults
 36886 | Vaults:1 | Received a gift from Trog
 37050 | Vaults:1 | Paralysed by a sphinx for 4 turns
 37090 | Vaults:1 | Paralysed by a sphinx for 5 turns
 37711 | Vaults:1 | You fall into a shaft and drop 1 floor!
 37973 | Vaults:2 | Noticed a lich
 37973 | Vaults:2 | Noticed a lich
 37973 | Vaults:2 | Noticed a lich
 37973 | Vaults:2 | Noticed a lich
 38043 | Vaults:1 | Killed a lich
 38162 | Vaults:1 | Killed a lich
 38208 | Vaults:1 | Killed a lich
 38211 | Vaults:1 | Killed a lich
 38320 | Vaults:2 | Paralysed by an ogre mage for 5 turns
 38392 | Vaults:2 | Paralysed by a sphinx for 5 turns
 38402 | Vaults:2 | Identified a scroll of acquirement
 38665 | Vaults:2 | Received a gift from Trog
 38803 | Vaults:3 | Found a crumbling gateway.
 38814 | Vaults:3 | Reached XP level 19. HP: 85/172 MP: 4/19
 38815 | Desolati | Entered the Desolation of Salt
 39560 | Desolati | Identified the ring of Xom's Capriciousness {^Contam rN+
                  | rCorr SInv Stlth+}
 39758 | Desolati | Received a gift from Trog
 40032 | Desolati | Identified the ring "Qycunu" {rC+ Str+6}
 40108 | Desolati | Identified the +1 plate armour of Lesser Demons {rCorr}
 40150 | Desolati | Got the Precepts of the Icicle and the Volley
 40594 | Vaults:3 | Found Kuodalee's Magic Scroll Emporium.
 40621 | Vaults:3 | Bought a scroll of identify for 24 gold pieces
 40621 | Vaults:3 | Bought a scroll of teleportation for 36 gold pieces
 40621 | Vaults:3 | Bought a scroll of blinking for 90 gold pieces
 40621 | Vaults:3 | Bought a scroll of identify for 24 gold pieces
 40741 | Vaults:3 | Found a staircase to the Crypt.
 40741 | Vaults:3 | Found an ancient bone altar of Kikubaaqudgha.
 40742 | Vaults:3 | Found a basalt altar of Yredelemnul.
 41146 | Vaults:3 | Received a gift from Trog
 41576 | Vaults:4 | Reached XP level 20. HP: 135/182 MP: 20/20
 41813 | Vaults:4 | Lost mutation: Your body sometimes deteriorates upon taking
                  | damage. [potion of mutation]
 41813 | Vaults:4 | Lost mutation: You are dopey. (Int -2) [potion of mutation]
 41813 | Vaults:4 | Gained mutation: Armour fits poorly on your strangely
                  | shaped body. [potion of mutation]
 41813 | Vaults:4 | Gained mutation: You have a pair of small horns on your
                  | head. [potion of mutation]
 41813 | Vaults:4 | Gained mutation: You have a pair of horns on your head.
                  | [potion of mutation]
 41814 | Vaults:4 | Lost mutation: Armour fits poorly on your strangely shaped
                  | body. [potion of mutation]
 41814 | Vaults:4 | Lost mutation: You have a pair of horns on your head.
                  | [potion of mutation]
 41814 | Vaults:4 | Gained mutation: You have very sharp teeth. [potion of
                  | mutation]
 41814 | Vaults:4 | Gained mutation: Your mind is acute. (Int +4, Str/Dex -1)
                  | [potion of mutation]
 41917 | Vaults:4 | Found Kaev's Distillery.
 42738 | Vaults:5 | Entered Level 5 of the Vaults
 42744 | Vaults:5 | Received a gift from Trog
 43119 | Vaults:5 | Received a gift from Trog
 43279 | Vaults:5 | Reached skill level 15 in Armour
 43528 | Vaults:5 | Noticed a golden dragon
 43553 | Vaults:5 | Killed a golden dragon
 43695 | Vaults:5 | HP: 4/162 [tengu reaver/bolt of cold (29)]
 43971 | Vaults:4 | Reached XP level 21. HP: 159/193 MP: 21/21
 44163 | Vaults:5 | Identified the ring of Ufump {rElec rC+}
 44196 | Vaults:5 | Identified the +5 mace "Ismaic" {freeze, Str+8}
 44306 | Vaults:5 | Got a silver rune of Zot
 44494 | Vaults:5 | Identified the +4 ring mail of Ipeax {rElec rCorr Dex+3}
 44604 | Vaults:5 | Identified the +8 orcbow "Foseag" {freeze, rC+ rCorr Int+2
                  | Dex+3}
 45068 | Vaults:5 | Acquired the +7 broad axe of Brutal Revenge {holy, rF+ rC+
                  | Dex+3 Stlth+}
 45081 | Vaults:5 | Lost mutation: You have a pair of small horns on your head.
                  | [potion of mutation]
 45081 | Vaults:5 | Lost mutation: Your mind is acute. (Int +4, Str/Dex -1)
                  | [potion of mutation]
 45081 | Vaults:5 | Gained mutation: Your flesh is cold resistant. (rC+)
                  | [potion of mutation]
 45081 | Vaults:5 | Lost mutation: You have very sharp teeth. [potion of
                  | mutation]
 45081 | Vaults:5 | Gained mutation: You possess an exceptional clarity of
                  | mind. [potion of mutation]
 45366 | Elf:1    | Entered Level 1 of the Elven Halls
 45377 | Elf:1    | Received a gift from Trog
 46285 | Elf:2    | Received a gift from Trog
 46648 | Elf:2    | Found a huge runed translucent gate.
 46648 | Elf:2    | Found a huge runed translucent gate.
 46648 | Elf:2    | Found a huge runed translucent gate.
 46649 | Elf:2    | Found a huge runed translucent gate.
 46650 | Elf:2    | Found a huge runed translucent gate.
 46774 | Elf:2    | Upgraded the game from 0.32-a0-876-gcfddb08e57 to
                  | 0.32-a0-886-g41c5271027
 47015 | Elf:2    | Received a gift from Trog
 47212 | Elf:3    | Entered Level 3 of the Elven Halls
 47365 | Elf:3    | Found Bas Nonn's Magic Scroll Boutique.
 47368 | Elf:3    | Bought a scroll of teleportation for 48 gold pieces
 47646 | Abyss:2  | Cast into level 2 of the Abyss (a deep elf sorcerer)
 47876 | Abyss:2  | Paralysed by accursed screaming for 1 turns
 48128 | Abyss:2  | Received a gift from Trog
 48143 | Abyss:2  | Paralysed by accursed screaming for 1 turns
 48222 | Elf:3    | Escaped the Abyss
 48443 | Elf:3    | Reached XP level 22. HP: 152/204 MP: 12/22
 48676 | Elf:3    | Identified the +4 eveningstar "Bufigrei" {elec, rElec rPois
                  | Str-3 SInv}
 48678 | Elf:3    | Identified the amulet of the Barnacle {RegenMP+ Stlth+}
 48696 | Elf:3    | Gained mutation: Your muscles are strong. (Str +4, Int/Dex
                  | -1) [a cacodemon]
 48731 | Elf:3    | Identified the +2 troll leather armour of the Skies Above
                  | {rElec Regen+}
 48750 | Elf:3    | Received a gift from Trog
 48770 | Elf:3    | Identified the +3 great mace of Infinite Pain {holy, Str+3}
 48770 | Elf:3    | Identified the ring of Gum Vis {Wiz +Blink Fly rN+++
                  | Slay+3}
 48883 | Elf:3    | Identified the +7 rapier of a Thousand Allies {chaos,
                  | Will+}
 48960 | Elf:3    | Identified the +1 cloak of the Gnashing Gods {Str+2}
 49531 | Temple   | Fell from the grace of Trog
 49531 | Temple   | Became a worshipper of Gozag Ym Sagoz the Greedy
 50451 | Shoals:4 | Got the Incunable of Heated Malisons
 50746 | Spider:3 | Got the Guide on Lava
 51029 | Vaults:2 | Got Asmodeus's Incunabulum of Calefaction
 51291 | Elf:3    | Got the Notes on Clouds and the Decanter
 51299 | Elf:3    | Got the Collected Works on Air and Conflict
 52397 | Depths:1 | Found Ogakh's Antique Armour Boutique.
 52439 | Depths:1 | Found Wurhouso's Antique Armour Emporium.
 53410 | Depths:2 | Found a one-way gate leading to the halls of Pandemonium.
 53473 | Depths:2 | Reached skill level 15 in Shields
 53488 | Depths:2 | Found Ixten's Jewellery Boutique.
 53492 | Depths:2 | Found Ebbyig's Weapon Shop.
 53521 | Depths:2 | Found a runed translucent gate.
 53521 | Depths:2 | Found a runed translucent gate.
 53521 | Depths:2 | Found a runed translucent gate.
 53522 | Depths:2 | Found an ancient bone altar of Kikubaaqudgha.
 53522 | Depths:2 | Noticed an ancient lich
 53523 | Depths:2 | Noticed Wyithres's ghost (adept MiFi)
 53523 | Depths:2 | Noticed an ancient lich
 53523 | Depths:2 | Noticed a dread lich
 53870 | Depths:2 | Found a broken altar of Ashenzari.
 54205 | Depths:3 | Identified the +0 chain mail of the Game of Kings {rElec
                  | Str-3 Int-5 Stlth+}
 54314 | Depths:3 | Found Nipicum's Jewellery Emporium.
 54323 | Depths:3 | Found Mudduo's Armour Emporium.
 54496 | Depths:3 | Paralysed by Trog for 6 turns
 54914 | Depths:3 | Found a one-way gate to the infinite horrors of the Abyss.
 54958 | Depths:3 | Found a roughly hewn altar of Beogh.
 55185 | Depths:3 | Found a radiant altar of Vehumet.
 55371 | Depths:3 | Reached skill level 1 in Spellcasting
 55403 | Depths:3 | Found Wiofae Atusa's General Store.
 55468 | Depths:3 | Found a burning altar of Makhleb.
 55500 | Depths:3 | Found Topsidd's Miraculous Elixirs.
 55570 | Depths:3 | Paralysed by Trog for 7 turns
 55586 | Depths:3 | Found The Legendary Byefil's Legendary Smithy.
 55696 | Depths:3 | Reached XP level 23. HP: 208/215 MP: 26/26
 55696 | Depths:3 | Found an ancient bone altar of Kikubaaqudgha.
 55717 | Depths:3 | Identified the +10 dagger of Ywkeptag {freeze, *Corrode
                  | rPois Str+5}
 55791 | Depths:4 | Entered Level 4 of the Depths
 55805 | Depths:4 | Paralysed by Trog for 4 turns
 55958 | Depths:4 | Found a one-way gateway to a ziggurat.
 56069 | Depths:4 | Noticed a caustic shrike
 56072 | Depths:4 | Noticed a caustic shrike
 56101 | Depths:4 | Noticed a caustic shrike
 56102 | Depths:4 | Noticed a caustic shrike
 56114 | Depths:4 | Killed a caustic shrike
 56117 | Depths:4 | Killed a caustic shrike
 56123 | Depths:4 | Killed a caustic shrike
 56127 | Depths:4 | Killed a caustic shrike
 56263 | Depths:4 | Found Yfiqa's Distillery.
 56308 | Depths:4 | Found a gate to the Realm of Zot.
 57129 | Slime:1  | Entered Level 1 of the Pits of Slime
 57354 | Slime:1  | Paralysed by Trog for 6 turns
 58026 | Slime:3  | Reached skill level 5 in Spellcasting
 59551 | Slime:5  | Entered Level 5 of the Pits of Slime
 59752 | Slime:5  | Noticed the Royal Jelly
 59783 | Slime:5  | Killed the Royal Jelly
 60377 | Slime:5  | Found the +10 Black Knight's barding {ponderous, rPois rN+}
 60434 | Slime:5  | Got a slimy rune of Zot
 60436 | Slime:5  | Got the Precepts of the Tundras
 60447 | Slime:5  | Got Fagurgh's Catalogue of Trauma
 60474 | Slime:5  | Identified the +7 plate armour of Greater Demons {rC+
                  | Int+5}
 60480 | Slime:5  | Identified the +0 scale mail "Uleonoc" {rF+ Int+3}
 60542 | Slime:5  | Got Jysev's Grimoire of Conflagration
 61352 | Crypt:1  | Entered Level 1 of the Crypt
 61691 | Crypt:1  | Identified the +0 buckler of Snakes and Ladders {*Slow
                  | +Blink rC++}
 61941 | Crypt:1  | Identified the +10 morningstar "Laseimn" {flame, Int+3
                  | Dex+6}
 62036 | Crypt:1  | Found a runed translucent gate.
 62037 | Crypt:1  | Found a runed translucent gate.
 62037 | Crypt:1  | Found a runed translucent gate.
 62048 | Crypt:1  | Reached XP level 24. HP: 225/225 MP: 9/33
 62055 | Crypt:1  | Noticed Goociwk's ghost (adept GrFi)
 62055 | Crypt:1  | Noticed Bam Juge's ghost (veteran MiGl)
 62122 | Crypt:1  | Killed Goociwk's ghost
 62147 | Crypt:1  | Killed Bam Juge's ghost
 62384 | Crypt:1  | Identified the ring "Ekaynn" {rPois rC+ rN+ rCorr Int+3}
 63157 | D:14     | Killed Dunag's ghost
 63701 | Depths:2 | Killed an ancient lich
 63712 | Depths:2 | Killed an ancient lich
 63723 | Depths:2 | Killed a dread lich
 63736 | Depths:2 | Killed Wyithres's ghost
 63903 | Depths:2 | Identified the +0 hat "Dosoq" {rN+ Regen+ Stlth+}
 63908 | Depths:2 | Identified the ring "Meppoaro" {rN+ Will- EV+5 Str+2 Int+3}
 64728 | Crypt:2  | Found a magical portal.
 64733 | WizLab   | Entered Yara's Duelist Academy
 64877 | WizLab   | Noticed Didyd
 65257 | WizLab   | Killed Didyd the Head Instructor
 65634 | WizLab   | Got Yara's Quarto of Anathema
 66732 | Crypt:3  | Entered Level 3 of the Crypt
 66732 | Crypt:3  | Noticed a dread lich
 66759 | Crypt:3  | Killed a dread lich
 67172 | Crypt:3  | Noticed Sojobo
 67205 | Crypt:3  | Paralysed by an air elemental for 1 turns
 67215 | Crypt:3  | Killed Sojobo
 67281 | Crypt:3  | Noticed Bai Suzhen
 67323 | Crypt:3  | Killed Bai Suzhen
 67324 | Crypt:3  | Reached skill level 10 in Spellcasting
 67772 | Crypt:3  | Found a basalt altar of Yredelemnul.
 67776 | Crypt:3  | Found an ancient bone altar of Kikubaaqudgha.
 67789 | Crypt:3  | Identified the +1 ring mail "Alesam" {rPois rCorr}
 67831 | Crypt:3  | Identified the ring "Immiupn" {rC+ rN+ rCorr Dex+6 Stlth+}
 68121 | Crypt:3  | Was forgiven by Trog
 68173 | Crypt:3  | Found a staircase to the Tomb.
 68688 | Hell     | Entered the Vestibule of Hell
 68688 | Hell     | Noticed Murray
 68689 | Hell     | Noticed Geryon
 68732 | Hell     | Reached XP level 25. HP: 174/235 MP: 0/37
 68812 | Depths:1 | Killed Murray
 69988 | Hell     | Killed Geryon
 70201 | Hell     | Found a gateway to the ashen valley of Gehenna.
 70460 | Hell     | Found a gateway to the decaying netherworld of Tartarus.
 70820 | Hell     | Found a gateway to the freezing wastes of Cocytus.
 71606 | Hell     | Found a gateway to the Iron City of Dis.
 71746 | Hell     | Bought a shiny helmet for 240 gold pieces
 71750 | Hell     | Bought the +0 pair of boots of the Beginning {Rampage rPois
                  | rF+++ Will-} for 604 gold pieces
 72104 | Tomb:1   | Entered Level 1 of the Tomb of the Ancients
 72814 | Tomb:1   | Noticed a royal mummy
 73228 | Zot:1    | Entered Level 1 of the Realm of Zot
 73319 | Depths:3 | Voluntarily entered the Abyss.
 73450 | Depths:3 | Escaped the Abyss
 73716 | Depths:3 | Voluntarily entered the Abyss.
 73808 | Abyss:3  | Found a transporter.
 73846 | Abyss:3  | Noticed a dread lich
 73863 | Abyss:3  | Killed a dread lich
 73871 | Abyss:3  | Found a transporter.
 73876 | Abyss:3  | Got an abyssal rune of Zot
 74151 | Abyss:3  | Found a transporter.
 74375 | Abyss:3  | Found a transporter.
 74463 | Abyss:3  | Reached XP level 26. HP: 246/246 MP: 22/39
 74562 | Abyss:4  | Noticed a dread lich
 74573 | Abyss:4  | Killed a dread lich
 74789 | Abyss:4  | Reached skill level 5 in Evocations
 74812 | Abyss:4  | Noticed a dread lich
 74855 | Abyss:4  | Killed a dread lich
 74980 | Abyss:4  | Paralysed by accursed screaming for 1 turns
 75071 | Abyss:4  | Paralysed by accursed screaming for 1 turns
 75130 | Abyss:4  | Paralysed by accursed screaming for 1 turns
 75142 | Abyss:4  | Paralysed by accursed screaming for 2 turns
 75180 | Depths:3 | Escaped the Abyss
 75435 | Depths:3 | Voluntarily entered the Abyss.
 75466 | Abyss:4  | Found a corrupted altar of Lugonu.
 75682 | Abyss:4  | Noticed an ancient lich
 75693 | Abyss:4  | Killed an ancient lich
 75770 | Abyss:4  | Found a corrupted altar of Lugonu.
 76480 | Abyss:4  | Reached XP level 27. HP: 258/258 MP: 1/40
 77017 | Abyss:4  | Found a corrupted altar of Lugonu.
 77181 | Abyss:4  | Found a corrupted altar of Lugonu.
 77390 | Depths:3 | Escaped the Abyss
 77458 | Hell     | Bought the ring "Ajulisia" {rElec EV+5 Str+6} for 1439 gold
                  | pieces
 78000 | Zot:1    | Noticed an orb of fire
 78018 | Zot:1    | Killed an orb of fire
 79440 | Zot:2    | Noticed an orb of fire
 79455 | Zot:2    | Killed an orb of fire
 82482 | Zot:4    | Found a runed translucent gate.
 82483 | Zot:4    | Found a runed translucent gate.
 82484 | Zot:4    | Found a runed translucent gate.
 82484 | Zot:4    | Noticed Vyqe's ghost (master MfIE)
 83144 | Zot:4    | Paralysed by a Zot trap for 3 turns
 83187 | Abyss:4  | Cast into level 4 of the Abyss (purple draconian)
 83388 | Abyss:4  | Noticed a dread lich
 83404 | Abyss:4  | Killed a dread lich
 83458 | Zot:4    | Escaped the Abyss
 83503 | Zot:4    | Killed Vyqe's ghost
 83512 | Zot:4    | Identified the +1 cloak of Snakes and Ladders {^Drain rF+
                  | rC- MP+9 Int+2}
 83513 | Zot:4    | Identified the ring of Sin {MP+9 Dex+2 Stlth+}
 83736 | Zot:5    | Entered Level 5 of the Realm of Zot
 84617 | Zot:5    | Noticed a dread lich
 84620 | Zot:5    | Noticed an orb of fire
 84624 | Zot:5    | Noticed an orb of fire
 84634 | Zot:5    | Noticed a dread lich
 84644 | Zot:5    | Killed an orb of fire
 84647 | Zot:5    | Killed a dread lich
 84651 | Zot:5    | Killed an orb of fire
 84654 | Zot:5    | Killed a dread lich
 84977 | Zot:5    | Noticed a dread lich
 84980 | Zot:5    | Noticed a dread lich
 84988 | Zot:5    | Killed a dread lich
 84999 | Zot:5    | Noticed an ancient lich
 85016 | Zot:5    | Killed an ancient lich
 85410 | Zot:5    | Killed a dread lich
 85740 | Pan      | Entered Pandemonium
 85829 | Pan      | Noticed Garhilic the pandemonium lord
 85861 | Pan      | Killed Garhilic the pandemonium lord
 87492 | Pan      | Noticed Rofara the pandemonium lord
 89295 | Pan      | Found a corrupted altar of Lugonu.
 89722 | Pan      | Noticed Veluton the pandemonium lord
 89756 | Pan      | Killed Veluton the pandemonium lord
 91015 | Pan      | Noticed Zuram the pandemonium lord
 91071 | Pan      | Killed Zuram the pandemonium lord
 91810 | Pan      | Found an exit through the horrors of the Abyss.
 92722 | Pan      | Found an exit through the horrors of the Abyss.
 93182 | Pan      | Reached skill level 27 in Fighting
 93669 | Pan      | Learned a level 8 spell: Ignition
 93679 | Pan      | Learned a level 9 spell: Fire Storm
 93691 | Pan      | Noticed a seraph
 94219 | Pan      | Found a glowing silver altar of Zin.
 95041 | Pan      | Found a white marble altar of Elyvilon.
 95649 | Pan      | Reached skill level 27 in Shapeshifting
 97039 | Pan      | Identified the +8 tower shield of Tigaos {rElec rF- Str+6
                  | Slay-5}
 97190 | Pan      | Killed a seraph
 97226 | Pan      | Reached skill level 27 in Armour
 97469 | Pan      | Found a glowing golden altar of the Shining One.
 97477 | Pan      | Got Roxanne's Folio of Toxins and the Quarry
 97480 | Pan      | Got a demonic rune of Zot
 97486 | Pan      | Got the Textbook on the Stormy Serac
 97705 | Pan      | Noticed Serec the pandemonium lord
 97733 | Pan      | Killed Serec the pandemonium lord
100013 | Pan      | Noticed Fanitoics the pandemonium lord
100031 | Pan      | Killed Fanitoics the pandemonium lord
100779 | Pan      | Reached skill level 27 in Shields
100994 | Pan      | Found an exit through the horrors of the Abyss.
101169 | Pan      | Reached skill level 1 in Fire Magic
101826 | Pan      | Noticed Ynga Loy the pandemonium lord
101845 | Pan      | Killed Ynga Loy the pandemonium lord
102048 | Pan      | Got the Vademecum on the Catacomb and Scree
103023 | Pan      | Found a huge runed translucent gate.
103053 | Pan      | Found a huge runed translucent gate.
103054 | Pan      | Found a huge runed translucent gate.
103054 | Pan      | Found a huge runed translucent gate.
103054 | Pan      | Found a huge runed translucent gate.
103086 | Pan      | Found a huge runed translucent gate.
103314 | Pan      | Found a huge runed translucent gate.
103321 | Pan      | Noticed Urod the pandemonium lord
103343 | Pan      | Killed Urod the pandemonium lord
103592 | Pan      | Reached skill level 5 in Fire Magic
103698 | Pan      | Found an exit through the horrors of the Abyss.
103901 | Pan      | Noticed Yregig the pandemonium lord
103913 | Pan      | Killed Yregig the pandemonium lord
104882 | Pan      | Entered the realm of Mnoleg.
105099 | Pan      | Noticed Mnoleg
105139 | Pan      | Killed Mnoleg
106337 | Pan      | Lost intelligence.
106402 | Pan      | Got a glowing rune of Zot
106735 | Pan      | Found an exit through the horrors of the Abyss.
106770 | Pan      | Noticed Maal the pandemonium lord
106791 | Pan      | Killed Maal the pandemonium lord
107153 | Pan      | Reached skill level 15 in Spellcasting
107366 | Pan      | Reached skill level 10 in Fire Magic
108318 | Pan      | Noticed Gorhela the pandemonium lord
108335 | Pan      | Killed Gorhela the pandemonium lord
109278 | Pan      | Found an exit through the horrors of the Abyss.
109541 | Depths:3 | Escaped Pandemonium
109544 | Depths:3 | Bought a polished scarf for 360 gold pieces
109544 | Depths:3 | Identified the scarf of the Last Artisans {repulsion, Str+6
                  | Int-4 Dex-3} (You bought it in a shop on level 3 of the
                  | Depths)
109586 | Pan      | Entered Pandemonium
110006 | Pan      | Noticed Daczefudd the pandemonium lord
110054 | Pan      | Killed Daczefudd the pandemonium lord
110834 | Pan      | Found an exit through the horrors of the Abyss.
111317 | Pan      | Entered the realm of Cerebov.
111606 | Pan      | Identified the amulet of Utsotoaq {rPois rF+ RegenMP+
                  | Str-3}
111623 | Pan      | Found the +6 sword of Cerebov {flame}
111623 | Pan      | Noticed Cerebov
111627 | Pan      | Reached skill level 15 in Fire Magic
111782 | Pan      | Killed Cerebov
111962 | Pan      | Identified the ring "Wuden" {rElec Str+6 Dex+3}
113096 | Pan      | Got a fiery rune of Zot
113596 | Pan      | Noticed Lesm the pandemonium lord
113623 | Pan      | Killed Lesm the pandemonium lord
113782 | Pan      | Identified the +8 shortbow of the Muttering Penguin
                  | {antimagic, Dex+5 SInv}
115048 | Pan      | Found a transporter.
115633 | Pan      | Found a transporter.
115681 | Pan      | Identified the amulet "Soym" {Spirit Will+ MP+9}
116234 | Pan      | Identified the +0 helmet of the Moon {rF- Str+4 Int+6}
116363 | Pan      | Entered the realm of Lom Lobon.
116923 | Pan      | Found an exit through the horrors of the Abyss.
117427 | Pan      | Noticed Lom Lobon
117455 | Pan      | Killed Lom Lobon
117576 | Pan      | Got a magical rune of Zot
117785 | Pan      | Noticed Fyta the pandemonium lord
117823 | Pan      | Killed Fyta the pandemonium lord
118341 | Pan      | Found an exit through the horrors of the Abyss.
118974 | Pan      | Noticed Xiamoill the pandemonium lord
119000 | Pan      | Killed Xiamoill the pandemonium lord
120033 | Pan      | Entered the realm of Gloorx Vloq.
120033 | Pan      | Found an exit through the horrors of the Abyss.
120201 | Pan      | Noticed Gloorx Vloq
120214 | Pan      | Killed Gloorx Vloq
120380 | Pan      | Got a dark rune of Zot
121937 | Pan      | Found an exit through the horrors of the Abyss.
121984 | Pan      | Noticed Xoikudok the pandemonium lord
121989 | Pan      | Killed Xoikudok the pandemonium lord
122249 | Depths:3 | Escaped Pandemonium
122263 | Depths:3 | Acquired a manual of Dodging
122267 | Depths:3 | Acquired a manual of Dodging
122349 | Zig:1    | Entered Level 1 of a ziggurat
122550 | Zig:2    | Entered Level 2 of a ziggurat
122685 | Zig:3    | Entered Level 3 of a ziggurat
122696 | Zig:3    | Learned a level 9 spell: Shatter
122706 | Zig:3    | Learned a level 9 spell: Chain Lightning
122826 | Zig:3    | Identified the +4 great mace of the Wasteland {heavy, Will+
                  | Int+4 SInv}
122827 | Zig:3    | Identified the amulet "Founkuex" {Spirit rPois rN+ Dex+2}
122849 | Zig:4    | Entered Level 4 of a ziggurat
122854 | Zig:4    | Reached skill level 1 in Earth Magic
122917 | Zig:4    | Identified the ring "Batu" {Ice Fly Str+3}
122928 | Zig:5    | Entered Level 5 of a ziggurat
122940 | Zig:5    | Reached skill level 10 in Dodging
123044 | Zig:6    | Entered Level 6 of a ziggurat
123050 | Zig:6    | Noticed an orb of fire
123051 | Zig:6    | Noticed an orb of fire
123068 | Zig:6    | Killed an orb of fire
123075 | Zig:6    | Killed an orb of fire
123150 | Zig:6    | Identified the +7 spear of Demand {flame, Fly rF+ Dex+3}
123208 | Zig:7    | Entered Level 7 of a ziggurat
123215 | Zig:7    | Found the +7 sceptre of Torment {pain, torment}
123319 | Zig:7    | Identified the +2 falchion "Nesuas" {vamp, Int+7}
123354 | Zig:8    | Entered Level 8 of a ziggurat
123519 | Zig:9    | Entered Level 9 of a ziggurat
123526 | Zig:9    | Noticed Gillaqot the pandemonium lord
123526 | Zig:9    | Noticed Anaohow the pandemonium lord
123532 | Zig:9    | Killed Anaohow the pandemonium lord
123543 | Zig:9    | Killed from afar by Gillaqot the pandemonium lord

Illustrated notes

Levels and vault maps discovered:
D:1:      scummos_arrival_hexagon, layout_basic, minivault_25
D:2:      layout_basic, uniq_jessica, uniq_terence
D:3:      layout_loops_cross, nicolae_overflow_ecumenical_swirl
D:4:      layout_loops_ring, zin_treasury, minmay_temple_entry_offerings,
          minmay_misc_feat_doors, nicolae_concentric_dashed_squares_mild
D:5:      layout_loops_ring, mainiacjoe_overflow_divided_tiny, serial_shops,
          nicolae_shop_tiny_real_fake_doors, item_on_display_a
D:6:      layout_cave_pods, makhleb_heckhound_becter,
          chequers_temple_overflow_statue_of_worship, serial_shops, shop, shop,
          nicolae_shop_competitors_out_of_business, nicolae_diamond_shop,
          chequers_garden, nicolae_houndstooth_variations, uniq_menkaure
D:7:      layout_basic, lemuel_round_altar, uniq_maggie
D:8:      layout_gridville
D:9:      layout_basic, mainiacjoe_overflow_concentric_impassable,
          tso_metal_star
D:10:     layout_roguey, skrybe_limestone_x, minmay_misc_feat_rugged,
          st_stairs_6, grunt_decor_resistance, nicolae_fountain_basement
D:11:     layout_loops_ring, erik_lair_island, david_orc_3,
          regret_index_xom_buried_treasure
D:12:     layout_loops_ring, serial_glass, glass_columns_a, glass_columns_b,
          portal_ice_cave_entry_pillars_2, uniq_maurice, uniq_sonja
D:13:     layout_loops_ring, david_vaults_2, gauntlet_entry_generic,
          nemelex_xobeh_ov_fountains_minmay
D:14:     layout_small_grid, gammafunk_ghost_grave, corexii_leaking_fountain,
          uniq_snorg
D:15:     grunt_enter_depths_magical_seal, layout_irregular_city,
          minmay_guarded_unrand_vampires_tooth
Temple:   chequers_temple_sunken
Lair:1:   layout_regular_city, uniq_gastronok
Lair:2:   layout_regular_city, spider_nest_entry_rubble
Lair:3:   gammafunk_indiana_jones, layout_cave_pods, minmay_shoals_entry_beasts
Lair:4:   layout_gridlike, minmay_slime_entry_pillars,
          gammafunk_ghost_hydra_chop, nicolae_lair_lindhole,
          serial_bayou_shore_b
Lair:5:   hangedman_lair_in_review, layout_small_grid, guppyfry_lair_end_dragon
Shoals:1: layout_shoals, uniq_jorgrun
Shoals:2: layout_shoals
Shoals:3: layout_shoals
Shoals:4: shoals_end_grunt_garden, layout_shoals, shoals_ilsuiw_ice
Spider:1: layout_spider_delve, guppyfry_hornet_nest, uniq_azrael, uniq_kirke,
          uniq_nikola, uniq_rupert
Spider:2: layout_spider_delve, nicolae_spider_claw_tunnel
Spider:3: layout_spider_delve
Spider:4: hellmonk_spider_rune_endless_swarm, nicolae_spider_webs_and_nodes,
          guppyfry_spider_mini_1
Slime:1:  layout_caves
Slime:2:  cheibrodos_slime_lost_civilization_9, layout_caves,
          nicolae_slime_getting_an_eyeful
Slime:3:  nicolae_slime_pool, layout_caves, cheibrodos_slime_lost_civilization_6
Slime:4:  layout_caves, nicolae_slime_rock_hall_of_fame
Slime:5:  slime_pit_nicolae_royal_road_to_ruin
Orc:1:    layout_diamond_mine, hangedman_minor_magic, uniq_harold
Orc:2:    st_orc_elflike, layout_caves, serial_shops,
          nicolae_shop_gibbet_a_chance, basic_altar, nicolae_orc_damp_corner
Elf:1:    eino_elf_arrival_shootout, layout_geoelf_diagonals,
          kilobyte_rumbling_trees
Elf:2:    elven_hall_of_blades_hangedman_alternative
          [nicolae_blade_entry_sentries_behind_glass], layout_loops_cross,
          st_stairs_1
Elf:3:    minmay_elf_hall_dome, layout_geoelf_octagon, serial_shops, shop
Vaults:1: vaults_room_ringed_pool, v_misc_3, st_lattice,
          nicolae_vaults_stepped_doors, nicolae_vaults_trapezoid_3,
          layout_vaults_omnigrid
Vaults:2: ontoclasm_vaults_ring_large, nicolae_vaults_more_shelving_1,
          nicolae_vaults_tetromino_T_1, v_misc_29,
          nicolae_vaults_surprise_closet, nicolae_vaults_mitosis,
          nicolae_vaults_layer_cake_slice, v_alt_pattern_6, v_misc_3,
          nicolae_vaults_diamond_1, nicolae_vaults_trapezoid_lopsided_2,
          nicolae_vaults_library_corner, nicolae_vaults_storage_room_water,
          vaults_room_grid, layout_vaults_maze, uniq_jory
Vaults:3: portal_desolation_entry_salt, vaults_room_pools,
          minmay_crypt_entry_necro_gods, v_misc_10, nicolae_vaults_heist,
          nicolae_vaults_mini_display_case, nicolae_vaults_three_branches,
          nicolae_vaults_octothorpe, hangedman_vaults_impose,
          nicolae_vaults_what_the_h, layout_vaults_big_room, serial_shops, shop
Vaults:4: nicolae_vaults_ellipses_ellipsis, nicolae_vaults_six-pack,
          vaults_room_stairs_pillars, v_misc_4, ontoclasm_vaults_twist,
          nicolae_vaults_trapezoid_lopsided_4, nicolae_vaults_six-pack,
          vaults_dpeg_hooks, nicolae_vaults_layer_cake_slice,
          layout_vaults_omnibox, serial_shops, shop
Vaults:5: uniq_margery
Crypt:1:  layout_gridlike, gammafunk_ghost_cemetery, grunt_megastairs_2
Crypt:2:  layout_gridlike, mu_enter_wizlab_7, skrybe_necro_troll_2
Crypt:3:  lightli_unholy_cathedral, layout_chaotic_city,
          nicolae_tomb_entry_unfolded_pyramid_orthogonal, uniq_bai_suzhen,
          uniq_sojobo
Tomb:1
Depths:1: hellmonk_crumbling_castle, layout_cave_shapes, hell_entry,
          serial_shops, shop, shop, nicolae_shop_mannequins,
          nicolae_shop_back_alley_shop, kennysheep_crisscross, minmay_evil_grid,
          serial_bayou_shore_b
Depths:2: kennysheep_blocky_hall, layout_honeycomb, hell_entry,
          gammafunk_ghost_crypt, hangedman_abyss_or_decor_jellyfish_corner,
          rand_demon_pan_entry_4, nicolae_ashenzari_panopticon,
          minmay_shoptagon, infiniplex_staircase_pool_2
Depths:3: grated_community_mu [grated_community_mu_vampire_home,
          grated_community_mu_giant_home, grated_community_mu_spellcaster_home,
          grated_community_mu_orcish_home, grated_community_mu_troll_home,
          grated_community_mu_taur_home, grated_community_mu_unbuilt_plot],
          layout_cave_shapes, minmay_misc_feat_encased, lightli_too_deep,
          grunt_pan_entry_in_and_out, abyss_entry, minmay_shop_star
Depths:4: evilmike_zot_entry_diamond, layout_long_grid, enter_ziggurat_c,
          hangedman_coc_ice_floe, serial_shops, nicolae_shop_industrial_runoff,
          hangedman_abyss_or_decor_stabs
Hell
Zot:1:    layout_misc_corridors, hangedman_zot_decor_unnerving_road
Zot:2:    layout_misc_corridors, grunt_megastairs_5
Zot:3:    layout_basic, st_stairs_7, regret_index_zotdec_iron_s
Zot:4:    layout_concentric_octagons, hangedman_zot_diagonal_lockstep,
          gammafunk_ghost_tricky_traps, regret_index_zotdec_twisting_globes
Zot:5:    layout_misc_corridors, st_stairs_4
Zig:9

Skill      XL: |  1  2  3  4  5  6  7  8  9 10 11 12 13 14 15 16 17 18 19 20 21 22 23 24 25 26 27 |
---------------+----------------------------------------------------------------------------------+-----
Axes           | 4 5 6 7 8 10 12 14 15 17 18 19 20 24 | 24.5
Fighting       | 4 5 6 8 9 11 12 14 15 16 17 18 19 20 21 22 23 27 | 27.0
Armour         | 3 4 5 6 7 8 9 10 11 12 13 15 16 17 18 19 20 21 27 | 27.0
Dodging        | 2 3 4 5 6 10 | 10.5
Shapeshifting  | 3 5 7 9 13 16 19 21 22 23 24 27 | 27.0
Evocations     | 1 2 4 6 |  6.6
Shields        | 5 9 10 12 14 15 16 17 18 19 27 | 27.0
Spellcasting   | 2 7 10 12 13 21 | 21.1
Fire Magic     | 23 | 23.3
Earth Magic    | 3 |  3.7

Action                     |  1- 3 |  4- 6 |  7- 9 | 10-12 | 13-15 | 16-18 | 19-21 | 22-24 | 25-27 || total
---------------------------+-------+-------+-------+-------+-------+-------+-------+-------+-------++-------
  Melee: Hand axe          |   110 |   246 |       |       |       |       |       |       |       ||   356
         War axe           |       |    19 |   267 |   684 |  1506 |  2256 |  1709 |       |       ||  6441
         Headbutt          |       |       |       |       |       |       |   295 |       |       ||   295
         Bite              |       |       |       |       |       |       |   190 |       |       ||   190
         Broad axe         |       |       |       |       |       |       |   489 |  2533 |  8899 || 11921
  Throw: Throwing net      |       |       |       |     1 |     1 |     2 |       |       |       ||     4
         Javelin           |       |       |       |       |       |     1 |       |       |       ||     1
   Cast: Ignition          |       |       |       |       |       |       |       |       |    27 ||    27
 Invoke: Berserk           |       |     4 |     5 |    10 |     8 |    19 |    11 |     1 |       ||    58
         Brothers in Arms  |       |       |       |     1 |       |       |     3 |       |       ||     4
         Trog's Hand       |       |       |       |       |       |       |     5 |     2 |       ||     7
         Potion Petition   |       |       |       |       |       |       |       |     2 |    14 ||    16
         Call Merchant     |       |       |       |       |       |       |       |       |    10 ||    10
Ability: Siphon Essence    |       |       |       |       |       |       |       |       |     1 ||     1
         Evoke Blink       |       |       |       |       |       |       |       |       |     1 ||     1
  Evoke: Wand              |       |       |       |    10 |    20 |    15 |    23 |     6 |    32 ||   106
         Tin of tremorston |       |       |       |       |       |     1 |       |     2 |     4 ||     7
         Lightning rod     |       |       |       |       |       |       |     3 |     3 |     6 ||    12
         Gell's gravitambo |       |       |       |       |       |       |     2 |     1 |     3 ||     6
         Sack of spiders   |       |       |       |       |       |       |     1 |     1 |     3 ||     5
         Phantom mirror    |       |       |       |       |       |       |       |     2 |     7 ||     9
         Horn of Geryon    |       |       |       |       |       |       |       |       |     3 ||     3
    Use: Scroll            |       |       |       |    19 |     6 |    26 |    27 |     9 |    18 ||   105
         Potion            |       |       |       |     1 |       |     3 |    16 |     1 |       ||    21
   Stab: Distracted        |       |       |       |     1 |       |       |     2 |    19 |    78 ||   100
         Paralysed         |       |       |       |     5 |       |       |       |       |       ||     5
         Sleeping          |       |       |       |     1 |       |       |     8 |     1 |       ||    10
         Invisible         |       |       |       |       |     1 |       |       |       |    16 ||    17
         Confused          |       |       |       |       |       |       |       |       |     1 ||     1
         Held in net/web   |       |       |       |       |       |       |       |       |     1 ||     1
 Armour: Chain mail        |    86 |   232 |    78 |     9 |   312 |       |       |       |       ||   717
         Animal skin       |     6 |       |       |       |       |       |       |       |       ||     6
         Swamp dragon scal |       |       |   155 |   370 |       |       |       |       |       ||   525
         Troll leather arm |       |       |       |    90 |       |       |       |       |       ||    90
         Plate armour      |       |       |       |       |   688 |  2071 |   961 |   699 |  1914 ||  6333
         Skin              |       |       |       |       |       |     6 |   202 |    94 |       ||   302
  Dodge: Dodged            |    59 |   105 |   133 |   473 |   424 |   606 |   277 |   288 |   907 ||  3272
  Block: Tower shield      |       |       |       |       |   752 |  2612 |  3002 |  2647 |  7624 || 16637
   Form: Death             |       |       |       |       |       |       |     5 |     1 |       ||     6
                           |       |       |       |       |       |       |     4 |       |       ||     4
         Statue            |       |       |       |       |       |       |     2 |       |       ||     2

Table legend: (Time is in decaauts)
 A = Elapsed time spent in this place.
 B = Non-inter-level travel time spent in this place.
 C = Inter-level travel time spent in this place.
 D = Time resting spent in this place.
 E = Time spent auto-exploring this place.
 F = Levels seen in this place.
 G = Mean time per level.
                   A        B        C        D        E       F      G
               +--------+--------+--------+--------+--------+-----+--------+
         Total | 124128 | 113458 |  10670 |   7228 |  74642 | 100 | 1241.3 |
       Dungeon |  21807 |  18002 |   3805 |   2229 |  12441 |  15 | 1453.8 |
        Temple |     90 |     88 |      2 |      0 |      0 |   1 |   90.0 |
          Lair |   6644 |   5087 |   1557 |    198 |   3473 |   5 | 1328.8 |
        Shoals |   5099 |   4481 |    618 |    418 |   2747 |   4 | 1274.8 |
   Spider Nest |   4965 |   4364 |    601 |    500 |   2271 |   4 | 1241.2 |
    Slime Pits |   3854 |   3711 |    143 |      0 |   2843 |   5 |  770.8 |
  Orcish Mines |   2224 |   1743 |    481 |    155 |   1075 |   2 | 1112.0 |
   Elven Halls |   5360 |   4751 |    609 |    102 |   2833 |   3 | 1786.7 |
        Vaults |   8229 |   6916 |   1313 |    918 |   3037 |   5 | 1645.8 |
         Crypt |   5073 |   4709 |    364 |      0 |   3687 |   3 | 1691.0 |
          Tomb |    797 |    793 |      4 |      0 |    548 |   1 |  797.0 |
        Depths |   7170 |   6272 |    898 |   1167 |   3350 |   4 | 1792.5 |
          Hell |   2039 |   2011 |     28 |     55 |   1283 |   1 | 2039.0 |
           Zot |   7611 |   7369 |    242 |     97 |   6001 |   5 | 1522.2 |
         Abyss |   3915 |   3915 |      0 |      0 |   1134 |   7 |  559.3 |
   Pandemonium |  34853 |  34853 |      0 |    321 |  26430 |  23 | 1515.3 |
      Ziggurat |   1112 |   1112 |      0 |      0 |    794 |   9 |  123.6 |
        Wizlab |   1016 |   1016 |      0 |    399 |    255 |   1 | 1016.0 |
    Desolation |   1494 |   1494 |      0 |    369 |    252 |   1 | 1494.0 |
      Gauntlet |    767 |    767 |      0 |    296 |    182 |   1 |  767.0 |
               +--------+--------+--------+--------+--------+-----+--------+

Top non-repeatable levels by time:
 Abyss:4: 2542 daAuts
    D:15: 2457 daAuts
   Elf:3: 2375 daAuts
Depths:3: 2315 daAuts
    D:11: 2222 daAuts
   Zot:4: 2081 daAuts
Vaults:1: 2040 daAuts
    Hell: 2039 daAuts
Vaults:4: 2026 daAuts
Vaults:5: 1910 daAuts
Depths:1: 1851 daAuts
  Lair:3: 1828 daAuts
Depths:2: 1801 daAuts
   Zot:5: 1781 daAuts
 Crypt:3: 1773 daAuts
